 Dungeon Sprint DCSS version 0.15-a0-1206-g3bad1a6 (webtiles) character file.

4897 Infinimo the Brawler (level 10, -10/90 (93) HPs)
             Began as a Minotaur Monk on June 1, 2014.
             Was a Priest of Okawaru.
             Killed from afar by a crystal guardian (34 damage)
             ... with a crystal bolt
             ... in the Dungeon (Sprint II: "The Violet Keep of Menkaure").
             The game lasted 00:07:27 (1766 turns).

Infinimo the Brawler (Minotaur Monk)                Turns: 1766, Time: 00:07:27

HP -10/90 (93)   AC 20     Str 19      XL: 10   Next: 26%
MP   4/4         EV  6     Int  6 (7)  God: Okawaru [***...]
Gold 365         SH  0     Dex 13      Spells:  0 memorised,  9 levels left

rFire  . . .     SeeInvis .       - Unarmed
rCold  + . .     Clarity  .     i - +1 plate armour {rPois}
rNeg   . . .     rCorr    .     (no shield)
rPois  +         rRot     .     (helmet restricted)
rElec  .         Spirit   .     (no cloak)
SustAb .         Warding  .     a - +2 pair of gloves "Wietzaj" {rC+ Stlth+}
rMut   .         NoTele   +     (no boots)
Gourm  .                        (no amulet)
MR     .....                    (no ring)
                                (no ring)

@: very slightly contaminated, slowed, very slow, not resistant to hostile
enchantments, extremely unstealthy
A: retaliatory headbutt, horns 2
a: Heroism, Renounce Religion


You were in the Dungeon.
You worshipped Okawaru.
Okawaru was most pleased with you.
You were not hungry.

You visited 1 branch You collected 1053 gold pieces.
You spent 688 gold pieces at shops.

Inventory:

Armour
 a - the cursed +2 pair of gloves "Wietzaj" (worn) {rC+ Stlth+}
   (You bought it in a shop in the Dungeon)

   It protects you from cold.
   It makes you more stealthy.
   It has a curse placed upon it.
 i - a +1 plate armour of poison resistance (worn)
Comestibles
 b - a rotting chunk of big fish flesh
 d - 6 chunks of yaktaur flesh
Potions
 c - a potion of curing
 e - a potion of haste
 f - 2 potions of magic
 g - a potion of berserk rage


   Skills:
 - Level 10.0 Fighting
 + Level 13.7 Armour
 - Level 3.2 Dodging
 - Level 1.5 Stealth
 * Level 20.2 Unarmed Combat


You had 9 spell levels left.
You didn't know any spells.

Dungeon Overview and Level Annotations

Branches:
Dungeon (1/1)

Altars:
Cheibriados
Dithmenos
Elyvilon
Fedhas
Gozag
Kikubaaqudgha
Makhleb
Nemelex Xobeh
Okawaru
Qazlal
Sif Muna
Trog
Vehumet
Xom
Yredelemnul
Zin
The Shining One
Beogh
Jiyva
Lugonu

Shops:
D !%:=([[:}((?%[=!

Annotations:
D exclusions: oklob plant and silver statue, Menkaure


Innate Abilities, Weirdness & Mutations

You reflexively headbutt those who attack you in melee.
You have a pair of horns on your head.


Message History

The crystal guardian hits you! The swamp drake bites you.
You see here a big fish skeleton.
The crystal guardian hits you!!
* * * LOW HITPOINT WARNING * * *
The swamp drake breathes noxious fumes at you.
The noxious blast hits you!
Really walk into that cloud of steam?
Okay, then.
Unknown command.
Read which item? (? for menu, Esc to quit)
Blink to where?
Press: ? - help, Dir - move target cursor
As you read the scroll of blinking, it crumbles to dust.
You are very lightly contaminated with residual magic.
As you close the door, it creaks loudly!
Something unseen opens the door.
There is an open door, spattered with blood here.
The crystal guardian fires a crystalline bolt at you.
The crystal bolt burns you!
You die...

#########≈≈#'§'#§§'## .. ##
########≈≈≈.....§§..# .. .#
.......#≈≈≈≈.##+##B.# #. .#
..⌠....#≈≈≈≈##.#.##§#### +.##.
.∩.∩...#≈≈≈≈#.###.#....# ...###
∩.∩.∩..#≈≈####.#.####..## #..##.
.∩.∩.∩.#≈##.###'###.##..# +..#..
∩...∩.∩#≈##..##.##.8k#..# #..#..
.....∩.'≈+.##'.<@'###'k.####..##%
......∩#≈##..##.##...#....###...#
▓▓▓▓▓###≈##.###'###.##......%≈≈≈≈
JJ######≈≈######.####≈%.§k..≈#)##


YJ#G$ ##≈≈≈#..##.#≈≈≈≈≈≈§..≈#_(_ P(+[.# +#≈##...##≈≈≈≈≈≈≈≈§§#._. (.#!#
≈≈##+##≈≈≈≈≈≈≈§§≈≈#_._ ?$## #≈≈§§§≈≈≈≈≈≈≈≈§≈§≈#._. + #+++#'''#≈§§≈§§≈≈§#.._ You
could see a crystal guardian and a swamp drake.

Vanquished Creatures
  2 death drakes (D)
  A yaktaur (D)
  3 polar bears (D)
  12 flying skulls (D)
  2 hippogriffs (D)
  A swamp drake (D)
  A yellow wasp (D)
  A crocodile (D)
  4 brain worms (D)
  3 big fish (D)
  4 worker ants (D)
34 creatures vanquished.

Vanquished Creatures (others)
  A baby alligator (D)
  2 boulder beetles (D)
  2 big fish (D)
5 creatures vanquished.

Grand Total: 39 creatures vanquished

Notes
Turn   | Place    | Note
--------------------------------------------------------------
     0 | D        | Infinimo, the Minotaur Monk, began the quest for the Orb.
     0 | D        | Reached XP level 1. HP: 19/19 MP: 1/1
     1 | D        | Noticed a hippogriff
     1 | D        | Noticed a hippogriff
     4 | D        | Noticed a boulder beetle
     4 | D        | Noticed a boulder beetle
     7 | D        | Noticed a brain worm
    14 | D        | Killed a brain worm
    14 | D        | Reached skill level 6 in Fighting
    14 | D        | Reached skill level 8 in Unarmed Combat
    14 | D        | Reached XP level 2. HP: 23/31 MP: 1/1
    14 | D        | Reached XP level 3. HP: 28/38 MP: 2/2
    99 | D        | Noticed a brain worm
   101 | D        | Killed a brain worm
   101 | D        | Reached skill level 9 in Unarmed Combat
   101 | D        | Reached XP level 4. HP: 45/48 MP: 2/2
   120 | D        | Noticed a brain worm
   120 | D        | Noticed a brain worm
   123 | D        | Killed a brain worm
   123 | D        | Reached skill level 10 in Unarmed Combat
   123 | D        | Reached XP level 5. HP: 54/56 MP: 2/2
   126 | D        | Killed a brain worm
   126 | D        | Reached skill level 11 in Unarmed Combat
   136 | D        | Noticed a worker ant
   136 | D        | Noticed a worker ant
   136 | D        | Noticed a worker ant
   136 | D        | Noticed a worker ant
   139 | D        | Killed a worker ant
   139 | D        | Reached XP level 6. HP: 61/64 MP: 3/3
   141 | D        | Killed a worker ant
   141 | D        | Reached skill level 12 in Unarmed Combat
   145 | D        | Killed a worker ant
   147 | D        | Killed a worker ant
   147 | D        | Reached skill level 10 in Fighting
   178 | D        | Killed a hippogriff
   178 | D        | Reached skill level 13 in Unarmed Combat
   180 | D        | Killed a hippogriff
   180 | D        | Reached skill level 5 in Armour
   180 | D        | Reached skill level 14 in Unarmed Combat
   180 | D        | Reached XP level 7. HP: 45/72 MP: 3/3
   289 | D        | Noticed a flying skull
   290 | D        | Noticed a flying skull
   290 | D        | Noticed a flying skull
   290 | D        | Noticed a flying skull
   290 | D        | Noticed a flying skull
   290 | D        | Noticed a flying skull
   291 | D        | Noticed a flying skull
   292 | D        | Noticed a flying skull
   303 | D        | Found Ybesinej's Distillery.
   303 | D        | Found Coqack's Jewellery Boutique.
   303 | D        | Found Wankyr's Magic Scroll Shop.
   303 | D        | Found Laxkusar's Food Shop.
   303 | D        | Found Schillecs' Antique Weapon Boutique.
   303 | D        | Found Panavefe's Weapon Boutique.
   303 | D        | Found Omunk's Gadget Shop.
   304 | D        | Found Ohiruot's Book Shop.
   305 | D        | Found Vajij's Antique Weapon Shop.
   305 | D        | Found Voecolyq's Antique Armour Shop.
   305 | D        | Found Saoguih's Antique Armour Boutique.
   305 | D        | Noticed a pulsating lump
   306 | D        | Found Urphar's Armour Boutique.
   307 | D        | Found Shuefept's Food Shop.
   307 | D        | Found Pyqi's Jewellery Boutique.
   307 | D        | Noticed a crocodile
   307 | D        | Noticed a pulsating lump
   307 | D        | Noticed a pulsating lump
   308 | D        | Found Saxeel's Distillery.
   308 | D        | Noticed an oklob plant
   309 | D        | Found Blowecou's Book Shoppe.
   311 | D        | Noticed a death yak
   316 | D        | Killed a crocodile
   385 | D        | Bought a +1 plate armour of poison resistance for 384 gold pieces
   410 | D        | Noticed a great orb of eyes
   412 | D        | Bought a pair of fine gloves for 304 gold pieces
   415 | D        | Identified the cursed +2 pair of gloves "Wietzaj" {rC+ Stlth+} (You bought it in a shop in the Dungeon)
   441 | D        | Killed a flying skull
   606 | D        | Noticed a silver statue
   620 | D        | Noticed a flying skull
   620 | D        | Noticed a flying skull
   620 | D        | Noticed a flying skull
   623 | D        | Killed a flying skull
   623 | D        | Reached skill level 15 in Unarmed Combat
   623 | D        | Reached XP level 8. HP: 79/79 MP: 3/3
   624 | D        | Noticed a flying skull
   635 | D        | Killed a flying skull
   641 | D        | Killed a flying skull
   641 | D        | Reached skill level 16 in Unarmed Combat
   645 | D        | Killed a flying skull
   648 | D        | Killed a flying skull
   652 | D        | Killed a flying skull
   652 | D        | Reached skill level 10 in Armour
   652 | D        | Reached skill level 17 in Unarmed Combat
   661 | D        | Killed a flying skull
   661 | D        | Reached XP level 9. HP: 44/85 MP: 4/4
   663 | D        | Killed a flying skull
   669 | D        | Killed a flying skull
   679 | D        | Killed a flying skull
   679 | D        | Reached skill level 18 in Unarmed Combat
   936 | D        | Killed a flying skull
   951 | D        | Noticed a big fish
   961 | D        | Killed a big fish
   976 | D        | Killed a boulder beetle
  1043 | D        | Killed a big fish
  1137 | D        | Killed a baby alligator
  1433 | D        | Killed a boulder beetle
  1499 | D        | Noticed a big fish
  1508 | D        | Killed a big fish
  1509 | D        | Found a viscous altar of Jiyva.
  1513 | D        | Noticed a big fish
  1520 | D        | Found a shadowy altar of Dithmenos.
  1521 | D        | Found a burning altar of Makhleb.
  1521 | D        | Found a corrupted altar of Lugonu.
  1521 | D        | Found a radiant altar of Vehumet.
  1522 | D        | Found a blossoming altar of Fedhas.
  1523 | D        | Found a stormy altar of Qazlal.
  1523 | D        | Found a white marble altar of Elyvilon.
  1523 | D        | Found a basalt altar of Yredelemnul.
  1523 | D        | Found a roughly hewn altar of Beogh.
  1524 | D        | Found a sparkling altar of Nemelex Xobeh.
  1524 | D        | Found a shimmering altar of Xom.
  1524 | D        | Found a deep blue altar of Sif Muna.
  1524 | D        | Found an ancient bone altar of Kikubaaqudgha.
  1525 | D        | Found an opulent altar of Gozag.
  1528 | D        | Killed a big fish
  1530 | D        | Noticed a swamp drake
  1531 | D        | Found a bloodstained altar of Trog.
  1531 | D        | Found an iron altar of Okawaru.
  1531 | D        | Noticed a yellow wasp
  1531 | D        | Noticed a polar bear
  1532 | D        | Noticed a polar bear
  1532 | D        | Found a snail-covered altar of Cheibriados.
  1532 | D        | Found a glowing golden altar of the Shining One.
  1532 | D        | Found a glowing silver altar of Zin.
  1532 | D        | Noticed a yaktaur
  1533 | D        | Noticed a death drake
  1533 | D        | Noticed a polar bear
  1534 | D        | Noticed Menkaure
  1534 | D        | Noticed a big fish
  1534 | D        | Noticed a big fish
  1534 | D        | Noticed a big fish
  1540 | D        | Became a worshipper of Warmaster Okawaru
  1540 | D        | Acquired Okawaru's first power
  1546 | D        | Noticed a big fish
  1551 | D        | Killed a polar bear
  1556 | D        | Killed a polar bear
  1561 | D        | Killed a polar bear
  1561 | D        | Reached skill level 19 in Unarmed Combat
  1567 | D        | Killed a death drake
  1567 | D        | Reached XP level 10. HP: 56/92 MP: 3/4
  1569 | D        | Killed a yellow wasp
  1575 | D        | Killed a swamp drake
  1577 | D        | Killed a yaktaur
  1581 | D        | Killed a big fish
  1735 | D        | Noticed a crystal guardian
  1736 | D        | Noticed a death drake
  1737 | D        | Noticed a swamp drake
  1749 | D        | Killed a death drake
  1749 | D        | Reached skill level 20 in Unarmed Combat
  1766 | D        | Killed from afar by a crystal guardian

Action                   |  1- 3 |  4- 6 |  7- 9 | 10-12 || total
-------------------------+-------+-------+-------+-------++-------
Melee: Unarmed           |     7 |    24 |   110 |    20 ||   161
Invok: Heroism           |       |       |     1 |       ||     1
  Use: Potion            |       |       |     1 |       ||     1
       Scroll            |       |       |       |     1 ||     1
 Stab: Sleeping          |     2 |     1 |       |       ||     3
